 Dungeon Crawl Stone Soup version 0.23-a0-393-g6e9e0f2070 (webtiles) character file.

11885 PikkenKukken the Martial Artist (level 11, -1/110 HPs)
             Began as a Grey Draconian Transmuter on Oct 31, 2018.
             Was a High Priest of Kikubaaqudgha.
             Slain by a yak (4 damage)
             ... on level 3 of the Lair of Beasts.
             The game lasted 00:46:54 (18633 turns).

PikkenKukken the Martial Artist (DrTm)             Turns: 18633, Time: 00:46:55

Health: -1/110     AC:  7    Str: 12    XL:     11   Next: 55%
Magic:  7/17       EV: 13    Int: 17    God:    Kikubaaqudgha [*****.]
Gold:   728        SH:  0    Dex: 12    Spells: 5/18 levels left

rFire    x x .     SeeInvis .     - Unarmed
rCold    + + +     Gourm    .   (shield currently unavailable)
rNeg     . . .     Faith    +   (armour unavailable)
rPois    +         Spirit   .   (helmet currently unavailable)
rElec    .         Reflect  .   (cloak currently unavailable)
rCorr    .         Harm     .   (gloves currently unavailable)
MR       +....                  (boots currently unavailable)
Stlth    +.........             o - amulet of faith
HPRegen  0.28/turn              m - ring of protection from magic
MPRegen  0.15/turn              f - ring of ice

@: ice-form
A: large, (walk through water), unfitting armour, AC +12
a: End Transformation, Receive Corpses, Torment, Renounce Religion


You were on level 3 of the Lair of Beasts.
You worshipped Kikubaaqudgha.
Kikubaaqudgha was extremely pleased with you.
You were not hungry.
You were a creature of crystalline ice.
You visited 3 branches of the dungeon, and saw 14 of its levels.
You also visited: Sewer.

You collected 728 gold pieces.

Inventory:

Hand Weapons
 b - a +1 hunting sling of flaming
Missiles
 a - 77 arrows
 e - 67 sling bullets
Jewellery
 f - a ring of ice (right front paw)
 h - an uncursed amulet of the acrobat
 m - a ring of protection from magic (left front paw)
 o - an amulet of faith (around neck)
 F - a +4 ring of dexterity {unknown}
 G - an uncursed ring of flight
Wands
 n - a wand of disintegration (10)
 s - a wand of flame (15)
 u - a wand of acid (7)
 v - a wand of digging (6)
 B - a wand of enslavement (10)
Scrolls
 q - 3 scrolls of identify
 w - 3 scrolls of blinking
 y - 2 scrolls of magic mapping
 z - 2 scrolls of enchant weapon
 C - a scroll of remove curse
 E - 2 scrolls of teleportation
Potions
 d - 2 potions of flight {unknown}
 g - a potion of heal wounds {unknown}
 i - a potion of mutation {unknown}
 j - 2 potions of curing
 k - a potion of agility {unknown}
 l - 4 potions of lignification
 p - a potion of haste {unknown}
 r - 3 potions of resistance
 t - 2 potions of brilliance
 x - 2 potions of magic
 A - 2 potions of cancellation {unknown}
 D - 2 potions of berserk rage
Comestibles
 c - 25 rations


   Skills:
 + Level 7.0 Fighting
 - Level 7.0 Dodging
 * Level 11.4 Unarmed Combat
 - Level 4.0 Spellcasting
 + Level 1.7 Charms
 + Level 5.4 Necromancy
 + Level 8.2 Transmutations
 - Level 3.0 Ice Magic


You had 5 spell levels left.
You knew the following spells:

 Your Spells              Type           Power        Failure   Level  Hunger
a - Beastly Appendage     Tmut           ####..       1%          1    None
b - Sticks to Snakes      Tmut           ####....     1%          2    ##.....
c - Spider Form           Tmut/Pois      ###.......   9%          3    ###....
d - Ice Form              Ice/Tmut       ####....     16%         4    ####...
e - Regeneration          Chrm/Necr      ###.......   11%         3    ###....

Your spell library contained the following spells:

 Spells                   Type           Power        Failure   Level  Hunger
 Animate Skeleton         Necr           N/A          1%          1    None
 Pain                     Necr           ###.         1%          1    None
 Corpse Rot               Necr           N/A          2%          2    ##.....
 Sublimation of Blood     Necr           ###.......   2%          2    ##.....
 Vampiric Draining        Necr           ###.......   4%          3    ###....
 Blade Hands              Tmut           ####......   14%         5    ######.
 Animate Dead             Necr           N/A          17%         4    ####...
 Dispel Undead            Necr           ###.....     43%         5    ######.
 Bolt of Draining         Conj/Necr      ##........   80%         5    ######.
 Borgnjor's Vile Clutch   Necr/Erth      ##........   80%         5    ######.
 Simulacrum               Ice/Necr       ####......   99%         6    #######


Dungeon Overview and Level Annotations

Branches:
Dungeon (10/15)            Temple (1/1) D:6            Lair (3/6) D:10
    Orc (0/2) D:9
  Swamp: Lair:2-4    Shoals: Lair:2-4     Snake: Lair:2-4    Spider: Lair:2-4

Altars:
Ashenzari
Cheibriados
Dithmenos
Elyvilon
Fedhas
Gozag
Hepliaklqana
Kikubaaqudgha
Makhleb
Nemelex Xobeh
Okawaru
Qazlal
Ru
Sif Muna
Trog
Uskayaw
Vehumet
Wu Jian
Xom
Yredelemnul
Zin
The Shining One
Lugonu

Annotations:
D:8 Gastronok


Innate Abilities, Weirdness & Mutations

((You can walk through water.))
((Your dull iron-grey scales are very hard. (AC +12)))
You cannot fit into any form of body armour.
((You can survive without breathing.))
((You are cold-blooded and may be slowed by cold attacks.))


Message History

Confirm with . or Enter, or press ? or * to list all spells.
You feel a surge of power!
You turn into a creature of crystalline ice.
The yak closely misses you.
Your ball python barely misses the yak.
Your ball python completely misses the yak.
Your ball python bites the yak.
Your adder bites the yak.
Your ball python barely misses the yak.
The yak gores you!
* * * LOW HITPOINT WARNING * * *
The yak gores you.
* * * LOW HITPOINT WARNING * * *
The yak gores you but does no damage.
You hit the yak but do no damage. The yak gores you!!
* * * LOW HITPOINT WARNING * * *
Your ball python bites the yak.
Your ball python bites the yak but does no damage.
Your ball python bites the yak.
Your adder bites the yak.
Your ball python bites the yak but does no damage.
The yak gores you.
You die...
Kikubaaqudgha rasps: "You have failed me!
Welcome... death!" # ###P####### .......S.S# #.SY.# ## ##lYY# ## ... #SYY#

P###....
P..S.Y..
......#
#...........
...#.P#
##.........##
.#....#
###....##..#
...#..# ##
##.... .P#
##....##.P
##.## ##
.........


You could see a komodo dragon, 5 yaks, a friendly adder and 4 friendly ball
pythons.

Vanquished Creatures
  Erolcha (D:10)
  A hydra (D:10)
  A two-headed ogre (D:7)
  Pikel (D:4)
  A black mamba (Lair:2)
  A spiny frog (Lair:3)
  2 komodo dragons
  3 kobold demonologists (D:10)
  4 hippogriffs
  2 dream sheep (D:10)
  2 yaks (D:10)
  A basilisk (Lair:2)
  A steam dragon (D:9)
  4 wargs (D:9)
  4 water moccasins
  3 porcupines
  2 sky beasts
  2 orc warriors
  2 slaves
  4 black bears
  3 ice beasts
  2 phantoms
  4 ogres
  4 centaurs
  3 crocodiles
  2 big kobolds (D:10)
  A gnoll sergeant (D:9)
  7 bullfrogs
  A water moccasin skeleton (D:8)
  5 scorpions
  A killer bee (D:7)
  3 wights (D:6)
  An electric eel (Lair:1)
  2 howler monkeys
  3 crimson imps
  3 centaur zombies
  3 jellies
  2 orc priests
  2 hounds
  4 orc wizards (D:9)
  An iguana (D:5)
  4 worker ants
  5 hound zombies
  2 worker ant zombies
  8 gnolls
  11 adders
  12 oozes
  An adder skeleton (D:9)
  2 dart slugs
  A worm (D:2)
  13 leopard geckos
  10 orcs
  12 ball pythons
  4 bats
  18 giant cockroaches
  7 goblins
  9 hobgoblins
  10 jackals
  9 frilled lizards
  5 kobolds
  A quokka skeleton (D:6)
  6 rats
249 creatures vanquished.

Vanquished Creatures (collateral kills)
  An ice beast (D:8)
  A black bear (D:3)
  An ogre (D:5)
  A big kobold (D:10)
  2 bullfrogs
  2 wights (D:6)
  A quasit (D:8)
  A bullfrog zombie (D:10)
  A jelly (D:10)
  A worker ant (D:4)
  An orc wizard (D:4)
  4 gnolls
  7 adders
  A shadow imp (D:9)
  A ball python (Sewer)
  A butterfly (D:6)
27 creatures vanquished.

Vanquished Creatures (others)
  A wizard (D:6)
  A bush (D:9)
  A demonic plant (D:10)
3 creatures vanquished.

Grand Total: 279 creatures vanquished

Notes
Turn   | Place    | Note
-------+----------+-------------------------------------------
     0 | D:1      | PikkenKukken the Draconian Transmuter began the quest for
                  | the Orb.
     0 | D:1      | Reached XP level 1. HP: 16/16 MP: 3/3
   240 | D:1      | Reached XP level 2. HP: 23/23 MP: 3/5
   265 | D:1      | Learned a level 2 spell: Sticks to Snakes
   504 | D:1      | Found a glowing golden altar of the Shining One.
   838 | D:2      | Reached XP level 3. HP: 27/29 MP: 0/6
  1516 | D:2      | Reached XP level 4. HP: 36/36 MP: 5/7
  1542 | D:2      | Found a glowing golden altar of the Shining One.
  1544 | D:2      | Noticed an angel
  1788 | D:2      | Found a radiant altar of Vehumet.
  1792 | D:2      | Reached skill level 4 in Unarmed Combat
  2384 | D:2      | Found a basalt altar of Yredelemnul.
  2386 | D:2      | Noticed a profane servitor
  2520 | D:2      | Reached XP level 5. HP: 42/42 MP: 6/8
  2629 | D:3      | Noticed a black bear
  2778 | D:3      | Killed a black bear
  3633 | D:4      | Learned a level 3 spell: Spider Form
  3734 | D:4      | Reached XP level 6. HP: 43/51 MP: 1/9
  3815 | D:4      | Found a glowing silver altar of Zin.
  3843 | D:4      | Reached skill level 5 in Unarmed Combat
  4915 | D:4      | Found a blossoming altar of Fedhas.
  5188 | D:5      | Entered Level 5 of the Dungeon
  5296 | D:5      | Noticed an ice beast
  5313 | D:5      | Killed an ice beast
  5528 | D:5      | Found a shimmering altar of Xom.
  5529 | D:5      | Found a burning altar of Makhleb.
  5721 | D:5      | Found a stormy altar of Qazlal.
  5734 | D:5      | Your scales start taking on a dull iron-grey colour.
  5734 | D:5      | Reached XP level 7. HP: 48/58 MP: 1/10
  5734 | D:5      | Gained mutation: You can survive without breathing. [Grey
                  | Draconian growth]
  5879 | D:5      | Noticed Pikel
  6457 | D:4      | Killed Pikel
  6457 | D:4      | Reached skill level 6 in Unarmed Combat
  7073 | D:6      | Reached XP level 8. HP: 48/67 MP: 4/11
  7211 | D:6      | Found a staircase to the Ecumenical Temple.
  7219 | Temple   | Entered the Ecumenical Temple
  7240 | Temple   | Became a worshipper of Kikubaaqudgha
  7366 | D:6      | Reached skill level 7 in Unarmed Combat
  7605 | D:6      | Reached skill level 5 in Fighting
  7658 | D:6      | Reached skill level 5 in Transmutations
  7731 | D:6      | Found a glowing drain.
  7745 | Sewer    | Entered a sewer
  7868 | Sewer    | Reached * piety under Kikubaaqudgha
  7868 | Sewer    | Identified Kikubaaqudgha's Reference Book on Unholy Rituals
                  | (Kikubaaqudgha gifted it to you in a sewer)
  7868 | Sewer    | Received a gift from Kikubaaqudgha
  8031 | Sewer    | Reached ** piety under Kikubaaqudgha
  8208 | D:6      | Found an iron altar of Okawaru.
  8210 | D:6      | Found a bloodstained altar of Trog.
  8873 | D:6      | Reached skill level 5 in Dodging
  8999 | D:6      | Found a bloodstained altar of Trog.
  9002 | D:6      | Noticed a wizard
  9008 | D:6      | Killed a wizard
  9177 | D:7      | Reached skill level 8 in Unarmed Combat
  9286 | D:7      | Reached XP level 9. HP: 56/75 MP: 8/12
 10867 | D:8      | Found a shattered altar of Ashenzari.
 11036 | D:8      | Reached skill level 1 in Necromancy
 11173 | D:8      | Noticed Gastronok
 11548 | D:8      | Noticed a two-headed ogre
 11575 | D:7      | Killed a two-headed ogre
 11575 | D:7      | Reached skill level 9 in Unarmed Combat
 11928 | D:8      | Reached XP level 10. HP: 79/84 MP: 14/14
 12057 | D:8      | Reached *** piety under Kikubaaqudgha
 12057 | D:8      | Identified Kikubaaqudgha's Reference Book on Stolen Souls
                  | (Kikubaaqudgha gifted it to you on level 8 of the Dungeon)
 12057 | D:8      | Received a gift from Kikubaaqudgha
 12813 | D:9      | Found a staircase to the Orcish Mines.
 12824 | D:9      | Learned a level 4 spell: Ice Form
 13438 | D:9      | Found a shadowy altar of Dithmenos.
 13496 | D:9      | Found a deep blue altar of Sif Muna.
 13498 | D:9      | Found a sacrificial altar of Ru.
 13498 | D:9      | Found a hazy altar of Hepliaklqana.
 13500 | D:9      | Found a white marble altar of Elyvilon.
 13502 | D:9      | Found a shadowy altar of Dithmenos.
 13829 | D:9      | Reached skill level 1 in Ice Magic
 14153 | D:10     | Entered Level 10 of the Dungeon
 14154 | D:10     | Noticed Erolcha
 14184 | D:9      | Reached **** piety under Kikubaaqudgha
 14469 | D:10     | Killed Erolcha
 14469 | D:10     | Reached skill level 10 in Unarmed Combat
 14982 | D:10     | Noticed a three-headed hydra
 14992 | D:10     | Killed a three-headed hydra
 14992 | D:10     | Reached XP level 11. HP: 51/92 MP: 10/17
 15394 | D:10     | Found a corrupted altar of Lugonu.
 15550 | D:10     | Found a staircase to the Lair.
 15646 | D:10     | Noticed a sixfirhy
 15860 | Lair:1   | Entered Level 1 of the Lair of Beasts
 16197 | Lair:1   | Reached skill level 11 in Unarmed Combat
 16271 | Lair:1   | Reached skill level 5 in Necromancy
 16436 | Lair:1   | Learned a level 3 spell: Regeneration
 17475 | Lair:2   | Reached ***** piety under Kikubaaqudgha
 17475 | Lair:2   | Reached skill level 1 in Charms
 18633 | Lair:3   | HP: 3/110 [yak (18)]
 18633 | Lair:3   | Slain by a yak

Vault maps used:
D:1:      lightli_arrival_statue_moat, tso_metal_star
D:2:      grunt_temple_overflow_holy_war, lemuel_round_altar,
          minmay_goblin_outpost
D:4:      overflow_temple_1_default, lemuel_round_altar,
          minmay_misc_feat_secret_circle, saegor_snake_ambush
D:5:      grunt_temple_overflow_champion_of_chaos, grunt_qazlal_clouds,
          first_ration, uniq_pikel
D:6:      grunt_temple_overflow_bloody_war, minmay_temple_entry_butterflies,
          portal_sewer_entry_a, trog_wizard
D:7:      minmay_misc_feat_nine_boxes
D:8:      lemuel_crystal_altar, uniq_gastronok
D:9:      minitemple, minmay_orc_entry_guard_dogs, basic_altar,
          kb_lookout_dungeons_type
D:10:     kennysheep_kobold_lugonu_temple, lair_entry_dummy, hangedman_ranch,
          uniq_erolcha
Temple:   corrupted_temple
Lair:1:   serial_bayou_shore_a, grunt_megastairs_4
Lair:2:   grunt_megastairs_2, lemuel_fruit_tree, serial_bayou_shore_b
Lair:3:   elwin_shoals_entry_rooms, serial_bayou_lake_a
Sewer:    sewer_frog_island_02

Skill      XL: |  1  2  3  4  5  6  7  8  9 10 11 |
---------------+----------------------------------+-----
Dodging        | 2 3 4 5 6 7 |  7.0
Fighting       | 2 3 4 5 6 7 |  7.0
Unarmed Combat | 4 5 6 8 9 10 11 | 11.4
Transmutations | 3 4 5 6 7 8 |  8.2
Necromancy     | 2 4 5 |  5.4
Spellcasting   | 3 4 |  4.0
Ice Magic      | 2 3 |  3.0
Charms         | 1 |  1.7

Action                   |  1- 3 |  4- 6 |  7- 9 | 10-12 || total
-------------------------+-------+-------+-------+-------++-------
Melee: Unarmed           |    76 |   179 |   455 |   357 ||  1067
       Kick              |    10 |    16 |    14 |       ||    40
       Tailslap          |     8 |    21 |    47 |    25 ||   101
       Headbutt          |     4 |     6 |    13 |       ||    23
       Punch             |     1 |     5 |    11 |    10 ||    27
 Fire: Hunting sling     |       |    26 |       |       ||    26
 Cast: Beastly Appendage |    19 |    30 |    21 |       ||    70
       Sticks to Snakes  |     4 |    33 |    61 |    50 ||   148
       Spider Form       |       |       |     4 |    17 ||    21
       Ice Form          |       |       |       |     7 ||     7
Evoke: Wand              |       |       |     3 |     2 ||     5
  Use: Scroll            |       |     6 |     7 |     8 ||    21
 Stab: Sleeping          |       |     1 |     2 |     2 ||     5
       Distracted        |       |     1 |     4 |     6 ||    11
  Eat: Chunk             |     2 |    14 |    15 |    16 ||    47
       Ration            |       |     1 |     3 |     3 ||     7
Armor: Skin              |    18 |    41 |   139 |    91 ||   289
Dodge: Dodged            |    42 |   117 |   368 |   314 ||   841

Table legend:
 A = Non-vault XP
 B = Vault XP
 C = Vault XP percentage of total XP
 D = Non-vault monster count
 E = Vault monster count
 F = Vault count percentage of total count
                 A         B        C        D         E       F
            +---------+---------+-------+---------+---------+-------
      Total |   10988 |    5991 |  35.3 |     191 |      82 |  30.0
            +---------+---------+-------+---------+---------+-------
        D:1 |      36 |       0 |   0.0 |      19 |       0 |   0.0
        D:2 |     157 |       6 |   3.7 |      31 |       3 |   8.8
        D:3 |     175 |       0 |   0.0 |      11 |       0 |   0.0
        D:4 |     141 |     560 |  79.9 |      10 |       4 |  28.6
        D:5 |     255 |      61 |  19.3 |       5 |       2 |  28.6
        D:6 |    1309 |      14 |   1.1 |      23 |       2 |   8.0
        D:7 |    1369 |       0 |   0.0 |      10 |       0 |   0.0
        D:8 |    1261 |       0 |   0.0 |      18 |       0 |   0.0
        D:9 |    1886 |     700 |  27.1 |      36 |       6 |  14.3
       D:10 |     762 |    4131 |  84.4 |      10 |      12 |  54.5
     Lair:1 |     967 |     266 |  21.6 |       5 |       1 |  16.7
     Lair:2 |    2132 |       0 |   0.0 |      11 |       0 |   0.0
     Lair:3 |     538 |       0 |   0.0 |       2 |       0 |   0.0
      Sewer |       0 |     253 | 100.0 |       0 |      52 | 100.0
            +---------+---------+-------+---------+---------+-------
